 Dungeon Crawl Stone Soup version 0.19.4-8-ga85b6b9 (webtiles) character file.

132 Jynx the Poker (level 4, -1/42 HPs)
             Began as a Minotaur Fighter on Feb 11, 2017.
             Slain by Jerry's ghost (13 damage)
             ... on level 4 of the Dungeon on Feb 14, 2017.
             The game lasted 00:03:02 (2093 turns).

Jynx the Poker (Minotaur Fighter)                   Turns: 2093, Time: 00:03:02

Health: -1/42      AC:  6    Str: 20    XL:     4   Next: 92%
Magic:  3/3        EV:  9    Int:  5    God:
Gold:   99         SH:  0    Dex: 11    Spells: 0 memorised, 3 levels left

rFire  . . .     SeeInvis .     a - +0 trident
rCold  . . .     Gourm    .     b - +0 scale mail
rNeg   . . .     Faith    .     (no shield)
rPois  .         Spirit   .     (helmet restricted)
rElec  .         Reflect  .     (no cloak)
rCorr  .         Harm     .     (no gloves)
MR     .....                    (no boots)
Stlth  ..........               (no amulet)
                                (no ring)
                                (no ring)

@: no status effects
A: retaliatory headbutt, horns 2
a: no special abilities


You were on level 4 of the Dungeon.
You were not hungry.

You visited 1 branch of the dungeon, and saw 4 of its levels.

You collected 99 gold pieces.

Inventory:

Hand Weapons
 a - a +0 trident (weapon)
Armour
 b - a +0 scale mail (worn)
 c - a +0 shield
Scrolls
 h - 8 scrolls of identify
 k - a scroll of teleportation {unknown}
 o - a scroll of random uselessness {unknown}
 p - 3 scrolls of magic mapping {unknown}
 q - a scroll of enchant weapon {unknown}
Potions
 d - a potion of might
 g - 4 potions of curing
 l - a potion of resistance
 m - a potion of brilliance
Comestibles
 f - 2 bread rations
 i - 3 meat rations
 j - a slice of pizza


   Skills:
 + Level 5.0 Fighting
 * Level 5.2 Polearms
 - Level 3.6 Armour
 - Level 3.6 Shields


You had 3 spell levels left.
You didn't know any spells.

Dungeon Overview and Level Annotations

Branches:
Dungeon (4/15)
 Temple: D:4-7

Altars:

Annotations:
D:4 Jerry's ghost, amateur HOGl


Innate Abilities, Weirdness & Mutations

You reflexively headbutt those who attack you in melee.
You have a pair of horns on your head.


Message History

Level annotation: Jerry's ghost, amateur HOGl Jerry's ghost hits you!
There is a stone staircase leading up, spattered with blood here.
You closely miss Jerry's ghost.
Jerry's ghost hits you but does no damage.
You closely miss Jerry's ghost. Your headbutt misses Jerry's ghost.
Jerry's ghost hits you.
You hit Jerry's ghost but do no damage. You headbutt Jerry's ghost.
Jerry's ghost is lightly damaged.
Jerry's ghost stares at you. Jerry's ghost hits you.
Jerry's ghost says, "You must not fail where I succeeded!"
Jerry's ghost hits you.
You hit Jerry's ghost.
You headbutt Jerry's ghost, but do no damage.
Jerry's ghost is lightly damaged.
Jerry's ghost hits you!
* * * LOW HITPOINT WARNING * * *
Jerry's ghost hits you!
You die...

......
...?.######+#
...........
.....#..#
..#....# #
#.#....# #
#..##....#.##$#
#.....@W.......
#....#.........
..... #.........
.#.#............
#...##.........
... ..........
.. ........... .
.<..........
^............


You could see Jerry's ghost.

Vanquished Creatures
  A hound (D:4)
  3 adders (D:3)
  An ooze (D:1)
  A worm (D:3)
  A dart slug (D:1)
  2 leopard geckos (D:2)
  2 giant cockroaches
  6 goblins
  6 hobgoblins
  8 jackals
  2 quokkas
  A ball python (D:1)
  A ball python skeleton (D:3)
  7 bats
  2 frilled lizards
  9 kobolds
  8 rats
61 creatures vanquished.

Notes
Turn   | Place    | Note
-------+----------+-------------------------------------------
     0 | D:1      | Jynx the Minotaur Fighter began the quest for the Orb.
     0 | D:1      | Reached XP level 1. HP: 19/19 MP: 0/0
   220 | D:1      | Reached XP level 2. HP: 27/27 MP: 1/1
   863 | D:1      | Reached XP level 3. HP: 30/33 MP: 2/2
  1233 | D:2      | You fall through a shaft!
  1356 | D:3      | Reached XP level 4. HP: 17/41 MP: 3/3
  1936 | D:4      | Noticed Jerry's ghost (amateur HOGl)
  1937 | D:4      | Reached skill level 5 in Fighting
  1937 | D:4      | Reached skill level 5 in Polearms
  2093 | D:4      | Slain by Jerry's ghost

Skill      XL: |  1  2  3  4 |
---------------+-------------+-----
Polearms       | 3 4 5 |  5.2
Fighting       | 4 5 |  5.0
Armour         | |  3.6
Shields        | |  3.6

Action                   |  1- 3 |  4- 6 || total
-------------------------+-------+-------++-------
Melee: Trident           |   104 |    47 ||   151
       Headbutt          |    17 |     6 ||    23
  Use: Scroll            |       |     3 ||     3
       Potion            |       |     2 ||     2
  Eat: Chunk             |     1 |     3 ||     4
Armor: Scale mail        |    41 |    19 ||    60
Dodge: Dodged            |    57 |    22 ||    79
